 Dungeon Crawl Stone Soup version 0.27.1-1-g398f81649c (webtiles) character file.

Game seed: 6981535375814341971

200 loralnil the Ruffian (level 5, -1/41 HPs)
             Began as a Draconian Transmuter on Sept 14, 2021.
             Slain by a bullfrog (7 damage)
             ... in a sewer.
             The game lasted 00:05:35 (3101 turns).

loralnil the Ruffian (Draconian Transmuter)         Turns: 3101, Time: 00:05:36

Health: -1/41      AC:  5    Str: 13    XL:     5   Next: 49%
Magic:  9/9        EV:  9    Int: 13    God:
Gold:   130        SH:  0    Dex: 12    Spells: 6/10 levels left

rFire    . . .     SeeInvis .     - Unarmed
rCold    . . .     Faith    .   (no shield)
rNeg     . . .     Spirit   .   (armour unavailable)
rPois    .         Reflect  .   (helmet currently unavailable)
rElec    .         Harm     .   (no cloak)
rCorr    .         Rampage  .   (no gloves)
Will     .....                  (boots currently unavailable)
Stlth    +.........             (no amulet)
HPRegen  0.13/turn              (no ring)
MPRegen  0.11/turn              (no ring)

@: lethally poisoned (-1 -> -5), appendages (expiring), constricted
A: horns 2, talons 2, AC +5, unfitting armour, cold-blooded
a: End Transformation


You were in a sewer.
You had temporarily grown beastly horns and talons.
You visited 1 branch of the dungeon, and saw 3 of its levels.
You also visited: Sewer.

You collected 130 gold pieces.

Inventory:

Scrolls
 c - a scroll of vulnerability {unknown}
 d - a scroll of amnesia
 h - a scroll of enchant weapon {unknown}
 i - a scroll of immolation {unknown}
 j - a scroll of enchant armour
 k - a scroll of magic mapping {unknown}
 p - a scroll of blinking {unknown}
 q - a scroll of fear {unknown}
 r - a scroll of teleportation {unknown}
Potions
 b - a potion of curing
 e - a potion of degeneration {unknown}
 f - a potion of resistance {unknown}
 g - a potion of heal wounds
 l - 2 potions of berserk rage {unknown}
 m - a potion of invisibility {unknown}
 n - a potion of mutation {unknown}
 o - a potion of experience {unknown}


   Skills:
 - Level 2.0 Fighting
 - Level 2.0 Dodging
 + Level 4.0 Unarmed Combat
 + Level 3.1 Spellcasting
 + Level 3.3 Transmutations
 + Level 1.5 Poison Magic


You had 6 spell levels left.
You knew the following spells:

 Your Spells              Type           Power      Damage    Failure   Level
a - Beastly Appendage     Tmut           20%        N/A       6%          1
b - Spider Form           Tmut/Pois      4%         N/A       26%         3

Your spell library contained the following spells:

 Spells                   Type           Power      Damage    Failure   Level
 Wereblood                Tmut           10%        N/A       9%          2
 Slow                     Hex            2%         N/A       34%         2
 Confusing Touch          Hex            2%         N/A       56%         3
 Vampiric Draining        Necr           1%         2d6       56%         3
 Ice Form                 Ice/Tmut       6%         N/A       75%         4


Dungeon Overview and Level Annotations

Branches:
Dungeon (3/15)              Sewer (1/1)

Altars:
Dithmenos

Shops:
D:2 =


Innate Abilities, Weirdness & Mutations

You have temporarily grown beastly horns and talons.
Your plain brown scales are hard. (AC +5)
You cannot fit into any form of body armour.
You are cold-blooded and may be slowed by cold attacks.


Message History

* * * LOW HITPOINT WARNING * * *
You feel much better.
Your transformation is almost over.
The adder bites you but does no damage. The adder bites you.
The bullfrog hits you but does no damage.
The bullfrog hits you. The ball python barely misses you.
The ball python constricts you. The adder misses you. The adder bites you.
The adder hisses angrily.
You hit the adder. Your headbutt misses the adder.
Your tail-slap misses the adder.
The adder is heavily wounded.
The bullfrog closely misses you.
The bullfrog hits you but does no damage.
The adder bites you but does no damage.
The ball python bites you but does no damage.
The ball python constricts you. The adder bites you. The bullfrog hits you.
The bullfrog barely misses you.
You barely miss the adder.
The adder is heavily wounded.
The bullfrog hits you but does no damage.
The adder bites you but does no damage. The ball python closely misses you.
The ball python constricts you. The adder barely misses you.
The bullfrog hits you.
You hit the adder. You claw the adder, but do no damage.
The adder is severely wounded.
The bullfrog closely misses you. The adder bites you.
You are poisoned.
The adder poisons you! The bullfrog barely misses you. The adder bites you.
The ball python bites you but does no damage.
The ball python constricts you. The bullfrog hits you.
* * * LOW HITPOINT WARNING * * *
You barely miss the adder. Your headbutt misses the adder.
You tail-slap the adder.
You kill the adder!
You feel sick. The bullfrog hits you.
* * * LOW HITPOINT WARNING * * *
The adder bites you but does no damage.
The ball python bites you but does no damage.
The ball python constricts you. The bullfrog hits you!
You die...

#..'.††.# #..#....#
####...##
##################....#
S#≈≈≈≈≈≈≈≈≈≈≈≈≈≈≈......#
..≈≈≈≈≈≈≈≈≈≈≈≈≈≈≈.....##
..#≈≈≈≈≈≈≈≈≈≈≈≈≈≈≈....#
..≈≈≈≈≈#SF≈≈≈≈≈≈≈.....#
S≈≈≈≈≈SSF@≈≈≈≈≈≈≈....##
.#≈≈≈≈≈SS†≈≈≈≈≈≈≈#.###
###################


You could see 2 bullfrogs, 2 adders and 3 ball pythons.

Vanquished Creatures
  A gnoll (D:1)
  9 adders
  5 river rats
  A dart slug (D:2)
  An orc (D:3)
  7 endoplasms
  2 giant cockroaches
  2 goblins
  3 hobgoblins
  3 quokkas
  11 ball pythons
  3 bats
  3 frilled lizards
  7 kobolds
  32 rats
90 creatures vanquished.

Notes
Turn   | Place    | Note
-------+----------+-------------------------------------------
     0 | D:1      | loralnil the Draconian Transmuter began the quest for the
                  | Orb.
     0 | D:1      | Reached XP level 1. HP: 16/16 MP: 3/3
   146 | D:1      | Reached XP level 2. HP: 23/23 MP: 3/5
   202 | D:1      | Found a faded altar of an unknown god.
   653 | D:2      | Found Cudyawan's Jewellery Shop.
   792 | D:2      | Reached XP level 3. HP: 29/29 MP: 4/6
  1753 | D:3      | Reached XP level 4. HP: 36/36 MP: 5/7
  1814 | D:3      | Learned a level 3 spell: Spider Form
  1939 | D:3      | Found a shadowy altar of Dithmenos.
  2029 | D:3      | Found a glowing drain.
  2072 | Sewer    | Entered a sewer
  2395 | Sewer    | Reached skill level 1 in Poison Magic
  2441 | Sewer    | Reached XP level 5. HP: 21/41 MP: 7/9
  2962 | Sewer    | Reached skill level 4 in Unarmed Combat
  3101 | Sewer    | Slain by a bullfrog

Illustrated notes

Levels and vault maps discovered:
D:1:      dpeg_arrival_snail, layout_rooms, chequers_ecumenical_altar_simple,
          serial_park_tiny_2
D:2:      layout_basic, serial_shops, shop, guppyfry_early_lair_pool
D:3:      layout_basic, nicolae_dithmenos_through_a_glass_darkly,
          gup_sewer_entry_bubbles, minmay_joined_circles
Sewer:    sewer_minmay_w

Skill      XL: |  1  2  3  4  5 |
---------------+----------------+-----
Dodging        | 2 |  2.0
Fighting       | 2 |  2.0
Transmutations | 3 |  3.3
Poison Magic   | 1 |  1.5
Spellcasting   | 3 |  3.1
Unarmed Combat | 4 |  4.0

Action                   |  1- 3 |  4- 6 || total
-------------------------+-------+-------++-------
Melee: Unarmed           |   107 |   142 ||   249
       Headbutt          |    19 |    13 ||    32
       Kick              |    15 |    23 ||    38
       Tailslap          |     9 |    10 ||    19
       Punch             |       |     1 ||     1
 Cast: Beastly Appendage |    28 |    20 ||    48
  Use: Potion            |       |     2 ||     2
       Scroll            |       |     3 ||     3
 Stab: Sleeping          |     1 |       ||     1
Armor: Skin              |    30 |    64 ||    94
Dodge: Dodged            |    66 |   131 ||   197
